 Dungeon Sprint DCSS version 0.19.4-10-g532645f (webtiles) character file.

36347 equalderp2856 the Eviscerator (level 12, -60/58 HPs)
             Began as a Felid Fighter on Feb 24, 2017.
             Was an Initiate of Gozag.
             Killed from afar by an orb of fire (91 damage)
             ... with a fireball
             ... in the Dungeon (Sprint VII: "The Pits").
             The game lasted 00:52:28 (8159 turns).

equalderp2856 the Eviscerator (Felid Fighter)       Turns: 8159, Time: 00:52:29

Health: -60/58     AC:  3    Str: 17    XL:     12   Next: 71%
Magic:  29/29      EV: 39    Int: 15    God:    Gozag
Gold:   5258       SH:  4    Dex: 29    Spells: 6 memorised, 4 levels left
                                        Lives:  0   Deaths: 4

rFire  . . .     SeeInvis +       - Unarmed
rCold  + . .     Gourm    .     (armour unavailable)
rNeg   . . .     Faith    .     (shield unavailable)
rPois  .         Spirit   .     (helmet unavailable)
rElec  +         Reflect  +     (cloak unavailable)
rCorr  .         Harm     .     (gloves unavailable)
MR     +++..     NoTele   +     (boots unavailable)
Stlth  ++++++++++               V - amulet "Cauffam" {Reflect Dex+5 SH+4}
                                X - ring "Kyclaaxa" {MR+ MP+9 Str+4 Dex+4}
                                T - ring "Domueraz" {rElec MR+ Int+3 Dex+3 Stlth+}

@: gold aura, bribing [the Dungeon], quick
A: no armour, no weapons or thrown items, stealth, claws 1, fangs 3, see
invisible, carnivore 3, speed 1, shaggy fur 3, slow metabolism 1, sharp paws
a: Potion Petition, Call Merchant, Bribe Branch, Renounce Religion
}: 1/15 runes: silver


You were in the Dungeon.
You worshipped Gozag.
Gozag was greatly pleased with you.
You were not hungry.

You visited 1 branch You collected 38908 gold pieces.
You paid 33650 gold pieces to Gozag.

Inventory:

Jewellery
 m - a +3 ring of intelligence
 n - a +3 ring of dexterity
 v - the amulet of the Duke {Regen+ Int+3}
   (You found it in the Dungeon)

   [amulet of regeneration]

   It affects your intelligence (+3).
   It increases your rate of regeneration.
 Q - the ring "Keoxiuff" {rF+ Str+5}
   (You found it in the Dungeon)

   [ring of strength]

   It affects your strength (+5).
   It protects you from fire.
 R - the ring "Eros" {rPois EV+6}
   (You found it in the Dungeon)

   [ring of evasion]

   It affects your evasion (+6).
   It protects you from poison.
 S - the ring of Imin {Str+6 Int+5}
   (You found it in the Dungeon)

   [ring of strength]

   It affects your strength (+6).
   It affects your intelligence (+5).
 T - the ring "Domueraz" (left paw) {rElec MR+ Int+3 Dex+3 Stlth+}
   (You found it in the Dungeon)

   [ring of stealth]

   It affects your intelligence (+3).
   It affects your dexterity (+3).
   It insulates you from electricity.
   It affects your resistance to hostile enchantments.
   It makes you more stealthy.
 V - the amulet "Cauffam" (around neck) {Reflect Dex+5 SH+4}
   (You found it in the Dungeon)

   [amulet of reflection]

   It shields you and reflects attacks.
   It affects your dexterity (+5).
   It affects your SH (+4).
 W - the ring of Laoresk {MR+ Int+9 Dex+6}
   (You found it in the Dungeon)

   [ring of dexterity]

   It affects your intelligence (+9).
   It affects your dexterity (+6).
   It affects your resistance to hostile enchantments.
 X - the ring "Kyclaaxa" (right paw) {MR+ MP+9 Str+4 Dex+4}
   (You found it in the Dungeon)

   [ring of magical power]

   It affects your strength (+4).
   It affects your dexterity (+4).
   It affects your resistance to hostile enchantments.
   It affects your magic capacity (+9).
 Y - the ring "Onatixot" {rN+ Int+6}
   (You found it in the Dungeon)

   [ring of intelligence]

   It affects your intelligence (+6).
   It protects you from negative energy.
Wands
 x - a wand of heal wounds (5/9)
 y - a wand of hasting (5/9)
 z - a wand of teleportation (6/9)
 O - a wand of lightning (5/15)
Scrolls
 j - 5 scrolls of remove curse
 k - 5 scrolls of amnesia
 l - a scroll of summoning
 r - 3 scrolls of fog
 s - 5 scrolls of recharging
 U - 3 scrolls of identify
 Z - a scroll of blinking
Potions
 a - 4 potions of might
 c - 9 potions of curing
 d - 11 potions of heal wounds
 e - 4 potions of haste
 f - 4 potions of magic
 g - 4 potions of berserk rage
 h - 2 potions of resistance
 i - 3 potions of invisibility
 o - 6 potions of agility
 p - 7 potions of brilliance
 q - 6 potions of cure mutation
Books
 u - the Volume of Transformation and the Escort
   (You found it in the Dungeon)

   Spells                             Type                      Level
   a - Beastly Appendage              Transmutation                1
   b - Petrify                        Transmutation/Earth          4
   c - Malign Gateway                 Summoning/Translocation      7
 B - a book of Death

   Spells                             Type                      Level
   a - Corpse Rot                     Necromancy                   2
   b - Sublimation of Blood           Necromancy                   2
   c - Agony                          Necromancy                   5
   d - Dispel Undead                  Necromancy                   5
   e - Excruciating Wounds            Charms/Necromancy            5
   f - Bolt of Draining               Conjuration/Necromancy       5
 C - Nen Gyag's Handbook of Displacement
   (You found it in the Dungeon)

   Spells                             Type                      Level
   a - Apportation                    Translocation                1
   b - Shroud of Golubria             Charms/Translocation         2
   c - Blink                          Translocation                2
   d - Gell's Gravitas                Hexes/Translocation          3
   e - Passage of Golubria            Translocation                4
   f - Disjunction                    Translocation                8
 D - a book of Cantrips

   Spells                             Type                      Level
   a - Confusing Touch                Hexes                        1
   b - Animate Skeleton               Necromancy                   1
   c - Summon Small Mammal            Summoning                    1
   d - Apportation                    Translocation                1
 E - a book of Burglary

   Spells                             Type                      Level
   a - Swiftness                      Charms/Air                   2
   b - Passwall                       Transmutation/Earth          2
   c - Passage of Golubria            Translocation                4
   d - Lee's Rapid Deconstruction     Earth                        5
   e - Darkness                       Hexes                        6
   f - Invisibility                   Hexes                        6
 F - a book of Maledictions

   Spells                             Type                      Level
   a - Corona                         Hexes                        1
   b - Ensorcelled Hibernation        Hexes/Ice                    2
   c - Confuse                        Hexes                        3
   d - Tukima's Dance                 Hexes                        3
   e - Dazzling Spray                 Conjuration/Hexes            3
 G - Keezxoh's Handbook of Creative Clay
   (You found it in the Dungeon)

   Spells                             Type                      Level
   a - Sandblast                      Earth                        1
   b - Call Imp                       Summoning                    2
   c - Passwall                       Transmutation/Earth          2
   d - Statue Form                    Transmutation/Earth          6
   e - Shatter                        Earth                        9
 H - the Volume of the Mountains
   (You found it in the Dungeon)

   Spells                             Type                      Level
   a - Passwall                       Transmutation/Earth          2
   b - Leda's Liquefaction            Hexes/Earth                  4
   c - Petrify                        Transmutation/Earth          4
   d - Bolt of Magma                  Conjuration/Fire/Earth       5
   e - Lee's Rapid Deconstruction     Earth                        5
 I - a book of the Earth

   Spells                             Type                      Level
   a - Leda's Liquefaction            Hexes/Earth                  4
   b - Bolt of Magma                  Conjuration/Fire/Earth       5
   c - Statue Form                    Transmutation/Earth          6
   d - Iron Shot                      Conjuration/Earth            6
   e - Shatter                        Earth                        9
 J - a book of Transfigurations

   Spells                             Type                      Level
   a - Irradiate                      Conjuration/Transmutation    5
   b - Statue Form                    Transmutation/Earth          6
   c - Hydra Form                     Transmutation                6
   d - Dragon Form                    Transmutation                7
 K - the Papyrus of Sinister Poison
   (You found it in the Dungeon)

   Spells                             Type                      Level
   a - Animate Skeleton               Necromancy                   1
   b - Mephitic Cloud                 Conjuration/Poison/Air       3
   c - Ignite Poison                  Fire/Transmutation/Poison    3
   d - Vampiric Draining              Necromancy                   3
 L - a book of Beasts

   Spells                             Type                      Level
   a - Summon Butterflies             Summoning                    1
   b - Call Canine Familiar           Summoning                    3
   c - Summon Ice Beast               Ice/Summoning                4
   d - Summon Mana Viper              Hexes/Summoning              5
   e - Summon Hydra                   Summoning                    7
 M - a Young Poisoner's Handbook

   Spells                             Type                      Level
   a - Sting                          Conjuration/Poison           1
   b - Mephitic Cloud                 Conjuration/Poison/Air       3
   c - Olgreb's Toxic Radiance        Poison                       4
   d - Alistair's Intoxication        Transmutation/Poison         5
   e - Venom Bolt                     Conjuration/Poison           5
 N - a book of Clouds

   Spells                             Type                      Level
   a - Mephitic Cloud                 Conjuration/Poison/Air       3
   b - Conjure Flame                  Conjuration/Fire             3
   c - Poisonous Cloud                Conjuration/Poison/Air       6
   d - Freezing Cloud                 Conjuration/Ice/Air          6
   e - Ring of Flames                 Charms/Fire                  7
 P - a book of Battle

   Spells                             Type                      Level
   a - Infusion                       Charms                       1
   b - Shroud of Golubria             Charms/Translocation         2
   c - Song of Slaying                Charms                       2
   d - Spectral Weapon                Hexes/Charms                 3
   e - Regeneration                   Charms/Necromancy            3
Comestibles
 b - 6 meat rations
 t - 6 royal jellies
 w - 3 slices of pizza


   Skills:
 - Level 10.1 Fighting
 - Level 18.2 Dodging
 - Level 24.8 Stealth
 - Level 25.5 Unarmed Combat
 + Level 5.1 Spellcasting
 + Level 4.5 Hexes
 + Level 3.0 Summonings
 + Level 2.7 Ice Magic
 - Level 1.2 Evocations


You had 4 spell levels left.
You knew the following spells:

 Your Spells              Type           Power        Failure   Level  Hunger
a - Ensorcelled Hibernat  Hex/Ice        ##....       8%          2    ##.....
b - Blink                 Tloc           N/A          28%         2    ##.....
c - Passwall              Tmut/Erth      #.........   28%         2    ##.....
d - Swiftness             Chrm/Air       #.......     28%         2    ##.....
e - Summon Ice Beast      Ice/Summ       ##......     54%         4    ####...
f - Summon Mana Viper     Hex/Summ       ###.....     87%         5    ######.


Dungeon Overview and Level Annotations

Branches:
Dungeon (1/1)

Altars:
Ashenzari
Cheibriados
Dithmenos
Elyvilon
Fedhas
Gozag
Hepliaklqana
Kikubaaqudgha
Makhleb
Nemelex Xobeh
Okawaru
Qazlal
Ru
Sif Muna
Trog
Uskayaw
Vehumet
Xom
Yredelemnul
Zin
The Shining One
Beogh
Jiyva
Lugonu

Annotations:
D Jory


Innate Abilities, Weirdness & Mutations

You cannot wear armour.
You are incapable of wielding weapons or throwing items.
Your paws allow you to move quietly. (Stealth)
You have sharp claws.
You have razor-sharp teeth.
You have supernaturally acute eyesight. (SInv)
You are carnivorous and can eat meat at any time.
You cover ground quickly.
Your thick and shaggy fur keeps you warm. (AC +3, rC+)
You have a slow metabolism.
Your sharp claws are effective at attacking unaware monsters.


Message History

Your Ice Fiend dies!
Your Spellcasting skill increases to level 5!
Your Hexes skill increases to level 4!
Your Summonings skill increases to level 3!
The bolt of fire hits your ancient lich.
Your ancient lich resists.
The greater mummy calls on the powers of darkness!
Your body is wracked with pain!
There is an open door here.
You swap places.
Your ancient lich touches the greater mummy.
The greater mummy refuses to make way for you. (Use ctrl+direction to attack.) Unknown command.
Do you want to bribe the denizens of the Dungeon?
Gozag spreads your bribe to the Dungeon!
Your orb of fire emits a lurid red light.
The fireball explodes!
The fireball engulfs you!
Ouch! That really hurt!
You die...
Your body crumbles into a pile of gold.

***,***,****** *,*
*,+**,+**,<,<***+*
,,,+,,,+<<,<<,**,*
*,***,**<<,<<<*#+#
*+* ****<,<<<<*#.#
*,***,***<<<<**#2#
,,,+,,,******* #*#
*,***,***,+*,**#*#
*+*,***,***,,,*#@#
+,**+,**+,+*,**#M#
,,,*,,,*,,,*+* #.#
*,***,+**,**,**#L#
***,***,+**,,,##.##
,+,,,+,,,**+,*#...#
***,***,**,**++.))#
* *** ********##.##
################'#


You could see a neutral greater mummy, 2 friendly orbs of fire, a friendly
ancient lich and a friendly balrug.

Vanquished Creatures
  An Executioner (D)
  2 shadow dragons (D)
  A nagaraja (D)
  A storm dragon (D)
  A death ooze (D)
  2 ogre magi (D)
  A sixfirhy (D)
  2 shadow wraiths (D)
  2 deep trolls (D)
  2 phantasmal warriors (D)
  An orc knight (D)
  A manticore (D)
  An elephant (D)
  A black mamba (D)
  An eye of devastation (D)
  A smoke demon (D)
  2 rime drakes (D)
  A kobold demonologist (D)
  An ice devil (D)
  A hellion (D)
  A yaktaur (D)
  A demonic crawler (D)
  A komodo dragon (D)
  A merfolk (D)
  A hellwing (D)
  A jumping spider (D)
  A wind drake (D)
  3 blink frogs (D)
  4 dream sheep (D)
  2 hippogriffs (D)
  A redback (D)
  A tarantella (D)
  A vampire (D)
  A golden eye (D)
  A vampire mosquito (D)
  A hungry ghost (D)
  A soldier ant (D)
  A water moccasin (D)
  A floating eye (D)
  2 porcupines (D)
  2 orc warriors (D)
  A necrophage (D)
  A sky beast (D)
  An eye of draining (D)
  A phantom (D)
  A bullfrog (D)
  A gnoll sergeant (D)
  Blork the orc (D)
  9 wights (D)
  2 crimson imps (D)
  2 orc wizards (D)
  A gnoll shaman (D)
  An iguana (D)
  2 hell rats (D)
  6 gnolls (D)
  A river rat (D)
  An ooze (D)
  A leopard gecko (D)
  4 orcs (D)
  A ball python (D)
  A bat skeleton (D)
  2 giant cockroaches (D)
  A hobgoblin (D)
  4 jackals (D)
  A bat (D)
  2 frilled lizards (D)
  A kobold (D)
  A rat (D)
106 creatures vanquished.

Vanquished Creatures (collateral kills)
  2 ancient liches (D)
  the Lernaean hydra (D)
  Xtahua (D)
  2 pearl dragons (D)
  A bone dragon (D)
  An Ice Fiend (D)
  4 Orb Guardians (D)
  2 titans (D)
  A deep elf blademaster (D)
  A deep elf master archer (D)
  2 liches (D)
  2 Executioners (D)
  A storm dragon (D)
  A nagaraja (D)
  A draconian knight (D)
  A pandemonium lord (D)
  An orc warlord (D)
  2 deep elf sorcerers (D)
  A balrug (D)
  An emperor scorpion (D)
  An ophan (D)
  A dire elephant (D)
  A white draconian (D)
  A death knight (D)
  A deep elf demonologist (D)
  A mottled draconian (D)
  An ettin (D)
  An eidolon (D)
  A blizzard demon (D)
  A deep elf death mage (D)
  3 green deaths (D)
  An ice dragon (D)
  A rakshasa (D)
  A hydra (D)
  A hell beast (D)
  A hell hog (D)
  A spriggan air mage (D)
  An alligator snapping turtle (D)
  A satyr (shapeshifter) (D)
  A vampire mage (D)
  A sixfirhy (D)
  A skeletal warrior (D)
  5 hell knights (D)
  2 deep trolls (D)
  3 elephants (D)
  A hill giant (D)
  4 orc knights (D)
  A spiny frog (D)
  A yaktaur (D)
  A hellwing (D)
  3 trolls (D)
  3 two-headed ogres (D)
  A wandering mushroom (D)
  An air elemental (D)
  2 redbacks (D)
  3 ogres (D)
  An orc (D)
  A bat simulacrum (D)
  A quokka zombie (D)
87 creatures vanquished.

Vanquished Creatures (others)
  Dissolution (D)
  An ancient lich (D)
  Mennas (D)
  3 greater mummies (D)
  Frederick (D)
  Boris (D)
  Margery (D)
  A curse toe (D)
  2 Killer Klowns (D)
  Geryon (D)
  Nikola (D)
  3 profane servitors (D)
  2 electric golems (D)
  2 Brimstone Fiends (D)
  A lich (D)
  2 Hell Sentinels (D)
  3 Ice Fiends (D)
  22 Orb Guardians (D)
  A hellephant (D)
  3 deep elf master archers (D)
  A quicksilver dragon (D)
  2 titans (D)
  3 deep elf blademasters (D)
  2 sphinxes (D)
  2 storm dragons (D)
  An Executioner (D)
  Frances (D)
  2 nagarajas (D)
  A fire giant (D)
  2 deep elf sorcerers (D)
  An iron dragon (D)
  2 draconian zealots (D)
  2 orc warlords (D)
  2 angels (D)
  2 ghouls (D)
  A ghost moth (D)
  A frost giant (D)
  A reaper (D)
  3 spriggan defenders (D)
  2 green draconians (D)
  A stone giant (D)
  2 ophanim (D)
  A war gargoyle (D)
  A deep elf annihilator (D)
  A black draconian (D)
  A deep elf demonologist (D)
  A mottled draconian (D)
  2 purple draconians (D)
  2 red draconians (D)
  A white draconian (D)
  A blizzard demon (D)
  An ettin (D)
  2 deep elf death magi (D)
  2 green deaths (D)
  A mummy priest (D)
  A fire dragon (D)
  2 deep elf high priests (D)
  2 ogre magi (D)
  2 yaktaur captains (D)
  2 great orbs of eyes (D)
  3 vault guards (D)
  4 naga warriors (D)
  An ice dragon (D)
  A hydra (D)
  2 centaur warriors (D)
  3 death knights (D)
  2 spriggan air magi (D)
  A harpy (D)
  An alligator snapping turtle (D)
  3 deep troll earth magi (D)
  4 deep troll shamans (D)
  3 dancing weapons (D)
  3 hell hogs (D)
  2 sun demons (D)
  A fire crab (D)
  An iron troll (D)
  A sixfirhy (D)
  2 deep elf knights (D)
  4 skeletal warriors (D)
  11 hell knights (D)
  A wizard (D)
  A shadow wraith (D)
  A cherub (D)
  A spriggan druid (D)
  11 deep trolls (D)
  An orc sorcerer (D)
  A deep elf archer (D)
  A naga ritualist (D)
  5 hill giants (D)
  3 necromancers (D)
  A phantasmal warrior (D)
  5 orc knights (D)
  2 deep elf magi (D)
  3 cyclopes (D)
  A wolf spider (D)
  3 elephants (D)
  Maurice (D)
  A smoke demon (D)
  3 hellions (D)
  4 yaktaurs (D)
  4 tormentors (D)
  A guardian mummy (D)
  A polar bear (D)
  7 trolls (D)
  A hornet (D)
  6 two-headed ogres (D)
  A hippogriff (D)
  2 bog bodies (D)
  An ogre (D)
  A vampire (D)
  A spriggan (D)
  A golden eye (D)
  A chaos spawn (D)
  2 vampire mosquitoes (D)
  2 nagas (D)
  A floating eye (D)
  3 orc warriors (D)
  A swamp drake (D)
  A necrophage (D)
  2 orc wizards (D)
  An orc (D)
260 creatures vanquished.

Grand Total: 453 creatures vanquished

Notes
Turn   | Place    | Note
-------+----------+-------------------------------------------
     0 | D        | equalderp2856 the Felid Fighter began the quest for the Orb.
     0 | D        | Reached XP level 1. HP: 10/10 MP: 2/2
    78 | D        | Reached skill level 1 in Stealth
    78 | D        | Reached skill level 5 in Unarmed Combat
    78 | D        | Reached XP level 2. HP: 5/14 MP: 3/3
   206 | D        | Found a radiant altar of Vehumet.
   206 | D        | Found a hide-covered altar of Uskayaw.
   206 | D        | Found an ancient bone altar of Kikubaaqudgha.
   206 | D        | Found a viscous altar of Jiyva.
   206 | D        | Found a hazy altar of Hepliaklqana.
   207 | D        | Found a bloodstained altar of Trog.
   207 | D        | Found a deep blue altar of Sif Muna.
   207 | D        | Found a sacrificial altar of Ru.
   207 | D        | Found a stormy altar of Qazlal.
   207 | D        | Found an iron altar of Okawaru.
   207 | D        | Found a sparkling altar of Nemelex Xobeh.
   207 | D        | Found an opulent altar of Gozag.
   207 | D        | Found a blossoming altar of Fedhas.
   207 | D        | Found a white marble altar of Elyvilon.
   207 | D        | Found a shadowy altar of Dithmenos.
   207 | D        | Found a snail-covered altar of Cheibriados.
   208 | D        | Found a glowing golden altar of the Shining One.
   208 | D        | Found a glowing silver altar of Zin.
   210 | D        | Found a roughly hewn altar of Beogh.
   210 | D        | Found a burning altar of Makhleb.
   210 | D        | Found a basalt altar of Yredelemnul.
   211 | D        | Found a shattered altar of Ashenzari.
   211 | D        | Found a corrupted altar of Lugonu.
   211 | D        | Found a shimmering altar of Xom.
   213 | D        | Became a worshipper of Gozag Ym Sagoz the Greedy
   335 | D        | Reached skill level 5 in Dodging
   348 | D        | Noticed a crimson imp
   350 | D        | Killed a crimson imp
   350 | D        | Reached skill level 6 in Unarmed Combat
   350 | D        | Reached XP level 3. HP: 18/18 MP: 4/4
   363 | D        | Reached skill level 7 in Unarmed Combat
   452 | D        | Noticed a hungry ghost
   452 | D        | Noticed a water moccasin
   462 | D        | Reached XP level 4. HP: 22/22 MP: 5/5
   467 | D        | Slain by a water moccasin
   468 | D        | Reached XP level 3. HP: -1/18 MP: 4/4
   477 | D        | Killed a water moccasin
   477 | D        | Reached skill level 5 in Fighting
   477 | D        | Reached skill level 9 in Unarmed Combat
   477 | D        | Reached XP level 4. HP: 20/23 MP: 5/5
   485 | D        | Noticed a porcupine
   488 | D        | Noticed a phantom
   500 | D        | Reached XP level 5. HP: 18/26 MP: 6/6
   589 | D        | Killed a phantom
   589 | D        | Reached skill level 5 in Stealth
   589 | D        | Reached skill level 10 in Unarmed Combat
   682 | D        | Noticed a porcupine
   694 | D        | Gained mutation: You are covered in thick fur. (AC +2) [Felid growth]
   694 | D        | Reached XP level 6. HP: 31/31 MP: 7/7
   713 | D        | Killed a porcupine
   713 | D        | Reached skill level 11 in Unarmed Combat
   715 | D        | Killed a porcupine
   790 | D        | Killed a hungry ghost
   790 | D        | Reached skill level 12 in Unarmed Combat
   790 | D        | Reached XP level 7. HP: 25/35 MP: 8/8
   904 | D        | Noticed a hellwing
   906 | D        | Killed a hellwing
   906 | D        | Reached skill level 13 in Unarmed Combat
   916 | D        | Reached skill level 10 in Dodging
   929 | D        | Noticed a demonic crawler
   957 | D        | Killed a demonic crawler
   957 | D        | Reached XP level 8. HP: 18/40 MP: 9/9
  1085 | D        | Reached skill level 10 in Stealth
  1187 | D        | Noticed a phantasmal warrior
  1187 | D        | Noticed a blink frog
  1187 | D        | Noticed a blink frog
  1187 | D        | Noticed a blink frog
  1221 | D        | Killed a phantasmal warrior
  1221 | D        | Reached skill level 14 in Unarmed Combat
  1235 | D        | Killed a blink frog
  1327 | D        | Killed a blink frog
  1327 | D        | Reached skill level 15 in Unarmed Combat
  1327 | D        | Reached XP level 9. HP: 23/43 MP: 10/10
  1506 | D        | Noticed a deep troll
  1506 | D        | Noticed a rime drake
  1509 | D        | Killed a deep troll
  1512 | D        | Killed a rime drake
  1554 | D        | Reached skill level 16 in Unarmed Combat
  1570 | D        | Noticed a deep troll
  1580 | D        | Slain by a deep troll
  1581 | D        | Reached XP level 8. HP: -4/40 MP: 9/9
  1626 | D        | Killed a dream sheep
  1642 | D        | Killed a dream sheep
  1642 | D        | Reached XP level 9. HP: 44/44 MP: 10/10
  1706 | D        | Killed a deep troll
  1787 | D        | Noticed a komodo dragon
  1816 | D        | Killed a komodo dragon
  1816 | D        | Reached skill level 17 in Unarmed Combat
  1831 | D        | Noticed a smoke demon
  1839 | D        | Killed a smoke demon
  1839 | D        | Reached skill level 15 in Stealth
  1933 | D        | Noticed a merfolk
  1965 | D        | Killed a merfolk
  2088 | D        | Noticed an elephant
  2088 | D        | Noticed an orc knight
  2110 | D        | Reached XP level 10. HP: 30/49 MP: 11/11
  2205 | D        | Killed an orc knight
  2339 | D        | Killed an elephant
  2339 | D        | Reached skill level 18 in Unarmed Combat
  2372 | D        | Noticed a death knight
  2374 | D        | Noticed a smoke demon
  2386 | D        | Noticed Blork the orc
  2386 | D        | Noticed a manticore
  2400 | D        | Killed a smoke demon
  2415 | D        | Noticed an eye of devastation
  2425 | D        | Killed a manticore
  2439 | D        | Killed an eye of devastation
  2524 | D        | Killed Blork the orc
  2539 | D        | Reached skill level 19 in Unarmed Combat
  2549 | D        | Noticed a shadow wraith
  2569 | D        | Killed a shadow wraith
  2580 | D        | Noticed a phantasmal warrior
  2600 | D        | Killed a phantasmal warrior
  2600 | D        | Reached XP level 11. HP: 29/52 MP: 12/12
  2895 | D        | Identified the Volume of Transformation and the Escort (You found it in the Dungeon)
  2978 | D        | Noticed a phantasmal warrior
  2991 | D        | Noticed a shadow wraith
  2991 | D        | Noticed a shadow dragon
  3125 | D        | Killed a phantasmal warrior
  3194 | D        | Noticed a hill giant
  3213 | D        | Noticed a sixfirhy
  3234 | D        | Killed a sixfirhy
  3234 | D        | Reached skill level 20 in Unarmed Combat
  3237 | D        | Reached skill level 15 in Dodging
  3249 | D        | Noticed a shadow wraith
  3252 | D        | Killed a shadow wraith
  3371 | D        | Noticed a shadow dragon
  3389 | D        | Noticed a deep elf death mage
  3391 | D        | Noticed a vampire mage
  3391 | D        | Noticed a deep elf high priest
  3393 | D        | Noticed a deep elf sorcerer
  3404 | D        | Banished a deep elf high priest
  3407 | D        | Killed a deep elf sorcerer
  3414 | D        | Killed a deep elf death mage
  3445 | D        | Killed a shadow dragon
  3513 | D        | Killed a shadow dragon
  3513 | D        | Reached skill level 21 in Unarmed Combat
  3527 | D        | Noticed a black draconian knight
  3544 | D        | Noticed an ogre mage
  3558 | D        | Killed an ogre mage
  3591 | D        | Noticed a Hell Sentinel
  3598 | D        | Noticed an ancient lich
  3606 | D        | Noticed a titan
  3622 | D        | Noticed a death knight
  3622 | D        | Noticed a nagaraja
  3622 | D        | Noticed a pearl dragon
  3622 | D        | Noticed an ophan
  3622 | D        | Noticed a death knight
  3622 | D        | Noticed a balrug
  3622 | D        | Noticed a vault guard
  3622 | D        | Noticed an Ice Fiend
  3622 | D        | Killed a balrug
  3624 | D        | Killed a pearl dragon
  3679 | D        | Noticed a deep elf death mage
  3693 | D        | Noticed a sphinx
  3693 | D        | Noticed a green draconian
  3702 | D        | Banished a green draconian
  3707 | D        | Killed a sphinx
  3708 | D        | Killed a deep elf demonologist
  3712 | D        | Noticed a deep elf high priest
  3712 | D        | Noticed a lich
  3713 | D        | Noticed a wizard
  3713 | D        | Noticed a deep elf sorcerer
  3716 | D        | Noticed a deep elf demonologist
  3717 | D        | Noticed a deep elf sorcerer
  3719 | D        | Noticed a war gargoyle
  3719 | D        | Killed a wizard
  3719 | D        | Killed a vampire mage
  3719 | D        | Gained mutation: Your thick and shaggy fur keeps you warm. (AC +3, rC+) [Felid growth]
  3719 | D        | Reached XP level 12. HP: 57/57 MP: 13/13
  3720 | D        | Noticed a lich
  3721 | D        | Noticed a rakshasa
  3721 | D        | Noticed a mottled draconian
  3722 | D        | Killed a lich
  3722 | D        | Killed a deep elf sorcerer
  3723 | D        | Reached skill level 22 in Unarmed Combat
  3725 | D        | Noticed an emperor scorpion
  3727 | D        | Killed a ghostly deep elf death mage
  3730 | D        | Killed a rakshasa
  3731 | D        | Killed a lich
  3732 | D        | Killed a mottled draconian
  3734 | D        | Killed a deep elf sorcerer
  3735 | D        | Killed an emperor scorpion
  4008 | D        | Identified Nen Gyag's Handbook of Displacement (You found it in the Dungeon)
  4016 | D        | Identified Keezxoh's Handbook of Creative Clay (You found it in the Dungeon)
  4018 | D        | Identified the Volume of the Mountains (You found it in the Dungeon)
  4024 | D        | Identified the Papyrus of Sinister Poison (You found it in the Dungeon)
  4060 | D        | Got the amulet of the Firefly {Regen+ Str+2}
  4062 | D        | Got the ring "Vefuupt" {rPois rF+ rN++ Str-3 Slay+5}
  4064 | D        | Got the ring "Keoxiuff" {rF+ Str+5}
  4066 | D        | Got the ring "Nauczaul" {*Corrode +Blink rElec rPois Slay+5}
  4068 | D        | Got the amulet of the Four Lies {Faith -Tele Int+3 SInv}
  4070 | D        | Got the ring "Bakaitre" {Ice +Fly Dex+2}
  4072 | D        | Got the ring of Jaiju {*Contam rPois rF+ MR++}
  4074 | D        | Got the ring "Zipretz" {Ice MR+}
  4076 | D        | Got the ring of Laoresk {MR+ Int+9 Dex+6}
  4080 | D        | Got the ring "Onatixot" {rN+ Int+6}
  4103 | D        | Got the ring "Eros" {rPois EV+6}
  4107 | D        | Got the ring of Imin {Str+6 Int+5}
  4109 | D        | Got the ring of Muatugaats {rPois rF++ Str-4 Int+4 Slay+5}
  4111 | D        | Got the ring "Cugergh" {rC+ MP+9 Dex+2}
  4113 | D        | Got the amulet "Cauffam" {Reflect Dex+5 SH+4}
  4129 | D        | Got the ring "Kyclaaxa" {MR+ MP+9 Str+4 Dex+4}
  4131 | D        | Got the ring of Ymoygurrod {rPois rC- EV+6 Int+4}
  4156 | D        | Got the ring of Attitude {Ice *Corrode rElec rN++ Int+3}
  4158 | D        | Got the amulet of the Duke {Regen+ Int+3}
  4160 | D        | Got the amulet "Zainkacwei" {Gourm rElec Slay+6}
  4162 | D        | Got the ring of the Hart {rC+ rN+ MP+9}
  4164 | D        | Got the ring of Pride {rPois rC+ Str+4}
  4194 | D        | Got the ring of Caqu {rF+ rN+ Int+8 Dex+3 Stlth-}
  4263 | D        | Learned a level 2 spell: Ensorcelled Hibernation
  4266 | D        | Learned a level 2 spell: Blink
  4269 | D        | Learned a level 2 spell: Passwall
  4272 | D        | Learned a level 2 spell: Swiftness
  4313 | D        | Noticed a naga warrior
  4315 | D        | Noticed an orc warlord
  4315 | D        | Noticed an orc warlord
  4323 | D        | Killed a yaktaur captain
  4324 | D        | Noticed a great orb of eyes
  4326 | D        | Noticed a yaktaur captain
  4326 | D        | Noticed a naga warrior
  4330 | D        | Killed a great orb of eyes
  4331 | D        | Killed a naga warrior
  4332 | D        | Noticed a vault guard
  4332 | D        | Noticed a naga warrior
  4333 | D        | Noticed a naga warrior
  4333 | D        | Banished a naga warrior
  4334 | D        | Killed a vault guard
  4339 | D        | Noticed a yaktaur captain
  4428 | D        | Killed a yaktaur captain
  4589 | D        | Noticed an alligator snapping turtle
  4589 | D        | Noticed a mottled draconian
  4589 | D        | Noticed a sphinx
  4589 | D        | Noticed a ghost moth
  4589 | D        | Noticed a nagaraja
  4589 | D        | Noticed an alligator snapping turtle
  4593 | D        | Killed a ghost moth
  4594 | D        | Killed a sphinx
  4596 | D        | Killed a nagaraja
  4600 | D        | Killed an alligator snapping turtle
  4612 | D        | Killed an alligator snapping turtle
  4700 | D        | Noticed Frances
  4700 | D        | Noticed a spriggan defender
  4700 | D        | Noticed Maurice
  4702 | D        | Noticed a centaur warrior
  4702 | D        | Noticed a profane servitor
  4703 | D        | Killed Maurice
  4704 | D        | Killed a centaur warrior
  4705 | D        | Killed a centaur warrior
  4708 | D        | Killed a death knight
  4710 | D        | Killed Frances
  4889 | D        | Noticed a storm dragon
  4890 | D        | Noticed a white draconian
  4890 | D        | Noticed a purple draconian
  4890 | D        | Noticed a spriggan air mage
  4892 | D        | Noticed a fire giant
  4894 | D        | Noticed a hell beast
  4903 | D        | Noticed a great orb of eyes
  4904 | D        | Noticed a green death
  4905 | D        | Noticed Nikola
  4905 | D        | Noticed a spriggan defender
  4905 | D        | Killed a hell beast
  4907 | D        | Noticed a profane servitor
  4907 | D        | Killed a great orb of eyes
  4913 | D        | Killed a green death
  4914 | D        | Reached skill level 23 in Unarmed Combat
  4915 | D        | Killed a spriggan air mage
  4916 | D        | Noticed an ancient lich
  4917 | D        | Noticed a death knight
  4918 | D        | Killed a profane servitor
  4919 | D        | Killed a storm dragon
  4921 | D        | Noticed a storm dragon
  4921 | D        | Killed an ancient lich
  4921 | D        | Killed an orc warlord
  4922 | D        | Killed a spriggan defender
  4923 | D        | Killed Nikola
  4924 | D        | Noticed a profane servitor
  4925 | D        | Killed a storm dragon
  4926 | D        | Noticed Dissolution
  4927 | D        | Noticed a storm dragon
  4928 | D        | Killed a white draconian zealot
  4930 | D        | Killed an ice dragon
  4935 | D        | Killed an angel
  4936 | D        | Killed an ancient lich
  4939 | D        | Noticed an ophan
  4939 | D        | Killed a storm dragon
  4941 | D        | Killed a deep elf master archer
  4948 | D        | Killed an ophan
  4949 | D        | Noticed a great orb of eyes
  4949 | D        | Noticed a deep elf master archer
  4962 | D        | Killed a lich
  4968 | D        | Killed a green death
  4971 | D        | Killed a spriggan air mage
  4990 | D        | Killed Dissolution
  4992 | D        | Killed a deep elf master archer
  5008 | D        | Killed a white draconian
  5027 | D        | Killed an Executioner
  5048 | D        | Killed a profane servitor
  5062 | D        | Noticed an electric golem
  5064 | D        | Noticed a hell knight
  5069 | D        | Noticed a black draconian
  5070 | D        | Noticed a greater mummy
  5071 | D        | Noticed a death ooze
  5071 | D        | Noticed a Killer Klown
  5071 | D        | Noticed a green draconian
  5071 | D        | Noticed an ophan
  5076 | D        | Killed a death ooze
  5077 | D        | Killed a green draconian
  5081 | D        | Killed a hell knight
  5085 | D        | Killed a black draconian
  5092 | D        | Killed a Killer Klown
  5093 | D        | Killed an ophan
  5130 | D        | Killed an electric golem
  5536 | D        | Noticed an emperor scorpion
  5541 | D        | Noticed a death scarab
  5635 | D        | Killed a naga warrior
  5665 | D        | Noticed a deep elf sorcerer
  5666 | D        | Noticed a five-headed hydra
  5706 | D        | Killed a five-headed hydra
  5723 | D        | Killed a deep elf sorcerer
  5777 | D        | Killed a black draconian knight
  5804 | D        | Noticed an eight-headed hydra
  5811 | D        | Killed an 11-headed hydra
  5843 | D        | Noticed a deep elf blademaster
  5993 | D        | Noticed a lorocyproca
  6020 | D        | Killed a death knight
  6043 | D        | Killed a stone giant
  6082 | D        | Killed a fire dragon
  6094 | D        | Killed an orc warlord
  6097 | D        | Killed a profane servitor
  6151 | D        | Got the ring "Domueraz" {rElec MR+ Int+3 Dex+3 Stlth+}
  6248 | D        | Noticed a nagaraja
  6259 | D        | Killed a nagaraja
  6259 | D        | Reached XP level 13. HP: 44/60 MP: 14/14
  6280 | D        | Noticed a frost giant
  6283 | D        | Noticed a blizzard demon
  6298 | D        | Noticed an angel
  6299 | D        | Noticed a red draconian
  6321 | D        | Noticed a spriggan defender
  6321 | D        | Noticed a ghoul
  6321 | D        | Killed a red draconian
  6324 | D        | Noticed a deep elf blademaster
  6325 | D        | Killed an eidolon
  6325 | D        | Reached skill level 24 in Unarmed Combat
  6326 | D        | Noticed a ghoul
  6326 | D        | Killed a blizzard demon
  6330 | D        | Killed a deep elf blademaster
  6333 | D        | Killed a ghoul
  6333 | D        | Killed a deep elf master archer
  6333 | D        | Killed a ghoul
  6334 | D        | Noticed a deep elf blademaster
  6355 | D        | Killed an angel
  6366 | D        | Killed a deep elf blademaster
  6402 | D        | Killed a blizzard demon
  6413 | D        | Killed a spriggan defender
  6518 | D        | Killed from afar by a hell hog
  6519 | D        | Reached XP level 12. HP: -19/58 MP: 22/22
  6523 | D        | Killed a hell hog
  6526 | D        | Noticed a hell hog
  6528 | D        | Noticed a purple draconian
  6529 | D        | Noticed a dire elephant
  6532 | D        | Killed a quicksilver dragon
  6539 | D        | Noticed a satyr
  6539 | D        | an anaconda changed into a satyr
  6543 | D        | Killed a satyr
  6546 | D        | Killed a dire elephant
  6547 | D        | Noticed a deep elf annihilator
  6548 | D        | Killed a hell hog
  6904 | D        | Noticed an ogre mage
  6904 | D        | Noticed an ogre mage
  6904 | D        | Noticed a titan
  6904 | D        | Noticed an ogre mage
  6904 | D        | Noticed a stone giant
  6904 | D        | Noticed a stone giant
  6904 | D        | Noticed an ettin
  6917 | D        | Killed an ogre mage
  6921 | D        | Noticed an ettin
  6923 | D        | Noticed an ogre mage
  6925 | D        | Killed an ogre mage
  6928 | D        | Killed an ettin
  6929 | D        | Killed a purple draconian
  6985 | D        | Got a silver rune of Zot
  7270 | D        | Noticed Jory
  7270 | D        | Noticed a lorocyproca
  7270 | D        | Noticed a white draconian zealot
  7271 | D        | Noticed a red draconian
  7272 | D        | Noticed a bone dragon
  7277 | D        | Noticed an Executioner
  7286 | D        | Killed a white draconian zealot
  7290 | D        | Killed a red draconian
  7293 | D        | Killed a bone dragon
  7305 | D        | Noticed a nagaraja
  7330 | D        | Noticed a deep elf annihilator
  7330 | D        | Noticed an Orb Guardian
  7330 | D        | Noticed an Orb Guardian
  7330 | D        | Noticed an Orb Guardian
  7330 | D        | Noticed an Orb Guardian
  7331 | D        | Noticed an ancient lich
  7331 | D        | Noticed Xtahua
  7332 | D        | Noticed Mennas
  7332 | D        | Killed a deep elf annihilator
  7333 | D        | Noticed Giomihor the pandemonium lord
  7333 | D        | Noticed a green death
  7337 | D        | Killed a pearl dragon
  7337 | D        | Killed a green death
  7338 | D        | Killed an Orb Guardian
  7339 | D        | Killed a nagaraja
  7340 | D        | Noticed an Orb Guardian
  7340 | D        | Noticed Boris
  7340 | D        | Noticed an Orb Guardian
  7340 | D        | Killed an Orb Guardian
  7341 | D        | Noticed a spriggan air mage
  7341 | D        | Noticed a Brimstone Fiend
  7341 | D        | Noticed a green death
  7342 | D        | Noticed a reaper
  7344 | D        | Killed an Orb Guardian
  7344 | D        | Killed an ancient lich
  7345 | D        | Killed a spriggan air mage
  7348 | D        | Killed Giomihor the pandemonium lord
  7349 | D        | Killed Xtahua
  7349 | D        | Killed an Executioner
  7351 | D        | Killed a green death
  7355 | D        | Killed a deep elf master archer
  7558 | D        | Noticed an Orb Guardian
  7558 | D        | Noticed an Orb Guardian
  7558 | D        | Noticed an Orb Guardian
  7560 | D        | Noticed a Killer Klown
  7560 | D        | Noticed an orb of fire
  7560 | D        | Killed from afar by Margery
  7561 | D        | Reached XP level 11. HP: -2/54 MP: 21/21
  7562 | D        | Noticed a greater mummy
  7562 | D        | Noticed a deep elf death mage
  7562 | D        | Noticed the 27-headed Lernaean hydra
  7562 | D        | Noticed an ancient lich
  7562 | D        | Killed an Orb Guardian
  7563 | D        | Killed a necromancer
  7564 | D        | Noticed Frederick
  7564 | D        | Killed a hell knight
  7564 | D        | Killed a necromancer
  7565 | D        | Killed an Orb Guardian
  7565 | D        | Killed a hell knight
  7565 | D        | Killed a deep troll earth mage
  7568 | D        | Your ally died
  7569 | D        | Killed a Killer Klown
  7569 | D        | Killed a mummy priest
  7569 | D        | Killed an Orb Guardian
  7570 | D        | Killed Margery
  7570 | D        | Reached skill level 10 in Fighting
  7570 | D        | Reached skill level 25 in Unarmed Combat
  7570 | D        | Reached skill level 1 in Evocations
  7571 | D        | Killed an iron dragon
  7571 | D        | Killed a deep troll shaman
  7571 | D        | Killed an Orb Guardian
  7571 | D        | Killed an iron troll
  7571 | D        | Killed a deep troll
  7572 | D        | Killed an Orb Guardian
  7572 | D        | Killed the 27-headed Lernaean hydra
  7573 | D        | Noticed a soul eater
  7574 | D        | Noticed a hell beast
  7574 | D        | Killed a hell knight
  7575 | D        | Noticed an Orb Guardian
  7575 | D        | Noticed Geryon
  7575 | D        | Noticed an Ice Fiend
  7575 | D        | Killed a ghostly Orb Guardian
  7575 | D        | Your ally died
  7576 | D        | Killed a deep elf death mage
  7577 | D        | Killed a ghostly Killer Klown
  7577 | D        | Killed an Orb Guardian
  7582 | D        | Killed a deep troll shaman
  7582 | D        | Killed Geryon
  7582 | D        | Reached XP level 12. HP: 41/58 MP: 14/14
  7588 | D        | Killed Frederick
  7595 | D        | Noticed a deep elf blademaster
  7595 | D        | Noticed a curse toe
  7595 | D        | Noticed a deep troll earth mage
  7596 | D        | Noticed a hellephant
  7597 | D        | Noticed a Hell Sentinel
  7597 | D        | Noticed a deep troll shaman
  7597 | D        | Noticed a deep troll earth mage
  7598 | D        | Noticed an Orb Guardian
  7598 | D        | Noticed an orb of fire
  7598 | D        | Killed a greater mummy
  7598 | D        | Reached skill level 1 in Spellcasting
  7599 | D        | Noticed a titan
  7599 | D        | Noticed an Orb Guardian
  7599 | D        | Noticed an Orb Guardian
  7599 | D        | Noticed an Orb Guardian
  7599 | D        | Noticed a deep troll shaman
  7599 | D        | Noticed an electric golem
  7600 | D        | Noticed an Orb Guardian
  7600 | D        | Noticed a titan
  7600 | D        | Noticed an Orb Guardian
  7600 | D        | Noticed an Orb Guardian
  7600 | D        | Noticed an Orb Guardian
  7600 | D        | Noticed an Orb Guardian
  7600 | D        | Noticed a reaper
  7601 | D        | Noticed an Orb Guardian
  7603 | D        | Killed an Orb Guardian
  7606 | D        | Killed an Orb Guardian
  7606 | D        | Killed a titan
  7607 | D        | Noticed an Orb Guardian
  7607 | D        | Killed a hellephant
  7608 | D        | Noticed an Ice Fiend
  7608 | D        | Noticed an Executioner
  7609 | D        | Noticed a green death
  7609 | D        | Killed a reaper
  7610 | D        | Killed an Orb Guardian
  7611 | D        | Killed an Orb Guardian
  7611 | D        | Killed a storm dragon
  7611 | D        | Killed an electric golem
  7613 | D        | Killed a Brimstone Fiend
  7614 | D        | Killed an Orb Guardian
  7614 | D        | Killed an Orb Guardian
  7615 | D        | Killed an Orb Guardian
  7618 | D        | Killed an Ice Fiend
  7622 | D        | Killed an Executioner
  7628 | D        | Killed an Orb Guardian
  7639 | D        | Killed an Orb Guardian
  7642 | D        | Killed an Orb Guardian
  7646 | D        | Killed a titan
  7651 | D        | Killed a titan
  7652 | D        | Killed a deep elf blademaster
  7662 | D        | Killed a green death
  8058 | D        | Learned a level 4 spell: Summon Ice Beast
  8064 | D        | Learned a level 5 spell: Summon Mana Viper
  8145 | D        | Noticed a greater mummy
  8148 | D        | Noticed an Executioner
  8150 | D        | Killed an Executioner
  8153 | D        | Noticed a greater mummy
  8156 | D        | Noticed a balrug
  8157 | D        | Reached skill level 5 in Spellcasting
  8159 | D        | Killed from afar by an orb of fire

Skill      XL: |  1  2  3  4  5  6  7  8  9 10 11 12 13 |
---------------+----------------------------------------+-----
Stealth        | 1 2 4 5 7 9 12 15 16 24 23 22 | 24.8
Unarmed Combat | 5 6 9 10 12 13 15 17 19 25 23 24 | 25.5
Dodging        | 5 7 8 9 10 11 13 14 15 18 | 18.2
Fighting       | 4 5 6 7 8 10 | 10.1
Evocations     | 1 |  1.2
Spellcasting   | 5 |  5.1
Hexes          | 4 |  4.5
Summonings     | 3 |  3.0
Ice Magic      | 2 |  2.7

Action                   |  1- 3 |  4- 6 |  7- 9 | 10-12 | 13-15 || total
-------------------------+-------+-------+-------+-------+-------++-------
Melee: Unarmed           |    29 |    36 |   122 |   169 |     2 ||   358
       Bite              |     4 |     8 |    12 |    33 |     1 ||    58
       Punch             |     1 |     1 |    13 |    25 |     2 ||    42
Invok: Bribe Branch      |       |       |     1 |    10 |       ||    11
       Potion Petition   |       |       |       |     2 |       ||     2
Evoke: Wand              |       |       |       |     1 |       ||     1
  Use: Potion            |       |     1 |     6 |    10 |       ||    17
       Scroll            |       |       |       |     3 |       ||     3
 Stab: Sleeping          |     2 |       |     6 |     6 |       ||    14
       Distracted        |     1 |       |     2 |     6 |       ||     9
  Eat: Meat ration       |       |       |     1 |     1 |       ||     2
Armor: Skin              |       |     1 |     3 |     1 |       ||     5
Dodge: Dodged            |    25 |    21 |   120 |   140 |     1 ||   307
Block: Other             |       |       |       |     3 |       ||     3
